 Dungeon Crawl Stone Soup version 0.31.0-12-g77e489cdc1 (webtiles) character file.

Game seed: 10804149619547162097

340 NotaViper the Trooper (level 6, 0/66 HPs)
             Began as an Oni Berserker on Feb 27, 2024.
             Was a Priest of Trog.
             Slain by a gnoll bouda
             ... wielding a +0 club
              (8 damage)
             ... on level 4 of the Dungeon.
             The game lasted 00:11:49 (1813 turns).

NotaViper the Trooper (Oni Berserker)               Turns: 1813, Time: 00:11:50

Health: 0/66       AC:  6    Str: 22    XL:     6   Next: 56%
Magic:  6/6        EV: 10    Int:  8    God:    Trog [***...]
Gold:   95         SH:  0    Dex: 10    Spells: 5/5 levels left

rFire   . . .        t - +2 spear (venom)
rCold   . . .        (no shield)
rNeg    . . .        q - +0 robe
rPois   .            (helmet restricted)
rElec   .            l - +2 cloak
rCorr   .            (gloves unavailable)
SInv    .            (boots unavailable)
Will    .....        r - amulet of the acrobat
Stlth   +            (no ring)
HPRegen 0.31/turn    (no ring)
MPRegen 0.10/turn

%: acrobat
@: weakened
A: large, unfitting armour, horns 1, tough skin 1, double potion healing,
drunken brawling
a: Renounce Religion, Berserk, Trog's Hand


You were on level 4 of the Dungeon.
You worshipped Trog.
Trog was most pleased with you.
You visited 1 branch of the dungeon, and saw 5 of its levels.

You collected 95 gold pieces.

Inventory:

Hand Weapons
 a - a +0 hand axe
 i - a +0 mace
 t - a +2 spear of venom (weapon)
 A - a +1 whip of holy wrath
 B - a +1 short sword of speed
 H - a +0 giant spiked club
Missiles
 d - 36 stones (quivered)
 m - 4 curare-tipped darts
 y - 13 poisoned darts
Armour
 b - a +0 animal skin
 l - a +2 cloak (worn)
 q - a +0 robe (worn)
 v - a +0 cloak
Jewellery
 r - an amulet of the acrobat (around neck)
Talismans
 C - a beast talisman
 F - a serpent talisman
Wands
 z - a wand of flame (6)
 G - a wand of paralysis (4)
Scrolls
 c - a scroll of teleportation {unknown}
 e - 4 scrolls of enchant weapon
 k - a scroll of poison {unknown}
 o - a scroll of amnesia
 p - a scroll of fog
 s - a scroll of revelation {unknown}
 D - a scroll of butterflies {unknown}
 I - a scroll of identify
Potions
 f - 2 potions of curing
 g - a potion of mutation {unknown}
 h - a potion of brilliance {unknown}
 j - a potion of invisibility {unknown}
 u - a potion of haste {unknown}
 w - a potion of enlightenment {unknown}
 x - a potion of ambrosia {unknown}


   Skills:
 + Level 5.4 Fighting
 + Level 4.3(4.6) Axes
 + Level 2.1(3.5) Polearms
 + Level 4.2 Dodging
 + Level 1.2 Stealth


You had 5 spell levels left.
You didn't know any spells.
Your spell library was empty.

Dungeon Overview and Level Annotations

Branches:
Dungeon (5/15)
 Temple: D:4-7

Altars:

Shops:
D:3 =


Innate Abilities, Weirdness & Mutations

You are too large for most types of armour.
You have a pair of small horns on your head.
You have tough skin. (AC +1)
You gain doubled healing and magic from potions.
Whenever you drink a healing potion, you attack all around you.


Message History

The gnoll hits you from afar with a +0 spear.
* * * LOW HITPOINT WARNING * * *
You hit the gnoll.
The gnoll is severely wounded.
The gnoll hits you but does no damage. x2
The gnoll bouda gazes fiercely through you!
You feel your attacks grow feeble.
You hit the gnoll but do no damage.
The gnoll looks as sick as possible!
You headbutt the gnoll.
You kill the gnoll!
Trog accepts your kill.
The gnoll hits you from afar with a +0 spear.
* * * LOW HITPOINT WARNING * * *
As you read the scroll of noise, it crumbles to dust.
You hear a loud clanging noise!
You hear the slow rusting of a distant drain.
The gnoll hits you from afar with a +0 spear.
* * * LOW HITPOINT WARNING * * *
Okay, then.
You hit the gnoll bouda but do no damage.
The gnoll bouda is poisoned.
You headbutt the gnoll bouda.
The gnoll bouda is lightly wounded.
The gnoll bouda hits you with a +0 club.
* * * LOW HITPOINT WARNING * * *
The gnoll hits you but does no damage.
You hit the gnoll bouda but do no damage.
You headbutt the gnoll bouda.
The gnoll bouda is moderately wounded.
The gnoll bouda hits you with a +0 club.
* * * LOW HITPOINT WARNING * * *
The gnoll closely misses you.
You barely miss the gnoll bouda. You headbutt the gnoll bouda.
The gnoll bouda is heavily wounded.
The gnoll bouda calls upon its god to heal the gnoll.
The gnoll's wounds heal themselves!
The gnoll barely misses you.
You hit the gnoll bouda.
The gnoll bouda looks as sick as possible!
The gnoll bouda is severely wounded.
The gnoll bouda hits you with a +0 club!
You die...

#..... #.###.
######..⌠. #.....####
#...###...
.........###...###...
........#......##...
..... #......##...
#..###......##...
######..##......##...
+...@gg..........§...
##.#####.#......##)..
#. #.#......##... #.
#........##... #.
###......##... #.
#..^...##### #.
####..## #. #...


You could see a gnoll bouda (extremely poisoned) and a gnoll (swift).

Vanquished Creatures
  An ogre (D:4)
  A scorpion (D:5)
  A bombardier beetle (D:3)
  2 iguanas (D:4)
  2 gnolls (D:4)
  2 adders
  4 dart slugs
  5 orcs (D:3)
  5 endoplasms
  2 giant cockroaches (D:1)
  2 goblins
  6 hobgoblins
  4 jackals (D:2)
  5 kobolds
  5 quokkas (D:1)
  3 ball pythons
  7 bats
  4 frilled lizards (D:1)
  3 rats
64 creatures vanquished.

Notes
Turn   | Place    | Note
-------+----------+-------------------------------------------
     0 | D:1      | NotaViper the Oni Berserker began the quest for the Orb.
     0 | D:1      | Reached XP level 1. HP: 24/24 MP: 1/1
    97 | D:1      | Reached XP level 2. HP: 32/32 MP: 2/2
   496 | D:1      | Reached XP level 3. HP: 40/40 MP: 3/3
   501 | D:1      | Reached ** piety under Trog
  1111 | D:2      | Reached XP level 4. HP: 49/49 MP: 4/4
  1219 | D:3      | Found Ohowuiri's Jewellery Shoppe.
  1364 | D:3      | Reached skill level 5 in Fighting
  1445 | D:3      | Reached XP level 5. HP: 57/57 MP: 5/5
  1517 | D:3      | You fall into a shaft and drop 2 floors!
  1517 | D:5      | Entered Level 5 of the Dungeon
  1625 | D:4      | Reached skill level 1 in Polearms
  1625 | D:4      | Reached skill level 1 in Stealth
  1698 | D:4      | Reached XP level 6. HP: 63/66 MP: 6/6
  1714 | D:4      | Reached *** piety under Trog
  1813 | D:4      | Slain by a gnoll bouda

Illustrated notes

Levels and vault maps discovered:
D:1:      dpeg_arrival_orchard, layout_rooms, st_stairs_2, minmay_heptomino_o4
D:2:      layout_basic, minmay_crystal_water
D:3:      layout_rooms, mainiacjoe_overflow_brackets,
          lemuel_coloured_pillars_altar,
          hellmonk_ecumenical_altar_defaced_shrine, serial_shops,
          nicolae_shop_crystal, hangedman_decor_riveting
D:4:      layout_basic, vehumet_statue, mainiacjoe_overflow_24_doors,
          zin_academy, serial_shops, shop, cheibrodos_sewer_entry_bend,
          grunt_ministairs_9
D:5:      layout_basic, old_standard_altar

Skill      XL: |  1  2  3  4  5  6 |
---------------+-------------------+-----
Dodging        | 3 4 |  4.2
Axes           | 4 |  4.3
Fighting       | 5 |  5.4
Polearms       | 1 2 |  2.1
Stealth        | 1 |  1.2

Action                     |  1- 3 |  4- 6 || total
---------------------------+-------+-------++-------
  Melee: Hand axe          |   119 |       ||   119
         Headbutt          |    16 |    14 ||    30
         Punch             |     3 |       ||     3
         Spear             |     1 |    75 ||    76
    Use: Scroll            |     6 |     2 ||     8
   Stab: Sleeping          |       |     1 ||     1
 Armour: Animal skin       |    76 |       ||    76
         Robe              |    16 |    55 ||    71
  Dodge: Dodged            |    97 |    79 ||   176
